[Event "Titled Tuesday Blitz November 30 2021"]
[White "Gasanov, Eldar"]
[Black "Khabinets, Ivan"]
[WhiteFideId "14104466"]
[BlackFideId "14115980"]
[WhiteElo "2454"]
[BlackElo "2114"]
[Result "1-0"]
[Round "03"]
[TimeControl "180+1"]
[Date "2021.11.30"]
[WhiteClock "0:00:05"]
[BlackClock "0:00:06"]

1. d4 Nf6 2. c4 e6 3. Nc3 Bb4 4. Nf3 O-O 5. Bg5 c5 6. Rc1 d6 7. e3 h6 8. Bh4 b6 9. Bd3 Bb7 10. O-O Nbd7 11. Nb5 cxd4 12. a3 a6 13. Nbxd4 Bc5 14. b4 Bxd4 15. exd4 e5 16. Bf5 Qc7 17. d5 a5 18. Nd2 axb4 19. axb4 b5 20. c5 dxc5 21. bxc5 Bxd5 22. Qe2 Qc6 23. f3 Ra2 24. Qe3 Be6 25. Bb1 Ra4 26. Ne4 Nd5 27. Qf2 f5 28. Nd6 Rc4 29. Bd3 Rxc5 30. Rxc5 Nxc5 31. Rc1 Qxd6 32. Qxc5 Qxc5+ 33. Rxc5 b4 34. Rc6 Nf4 35. Bf1 b3 36. Rb6 Bd5 37. g3 Ne6 38. Rb5 Bxf3 39. Bc4 Re8 40. Rxe5 Kf7 41. Rxf5+ Kg6 42. Rxf3 b2 43. Rb3 Ng5 44. Rxb2 Nf3+ 45. Kg2 Nxh4+ 46. gxh4 Re3 47. Be2 Kf6 48. h5 Kf7 49. Bf3 Re5 50. Rf2 Rg5+ 51. Kh3 Kg8 52. Bg4 Re5 53. Kh4 Re7 54. Rf5 Ra7 55. Rd5 Re7 56. Rd8+ Kh7 57. Rd7 Rxd7 58. Bxd7 Kg8 59. Bf5 Kh8 60. Bg6 Kg8 61. Kg4 Kh8 62. Kf5 Kg8 63. Ke6 Kh8 64. Ke7 Kg8 65. Bf5 Kh8 66. Kf7 g5 67. hxg6 1-0


[Site "https://www.chess.com"]

[Event "Titled Tuesday Blitz November 30 2021"]
[White "Gusarov, Grigory"]
[Black "Kobalia, Mikhail"]
[WhiteFideId "24102172"]
[BlackFideId "4119150"]
[WhiteElo "2254"]
[BlackElo "2543"]
[Result "1-0"]
[Round "03"]
[TimeControl "180+1"]
[Date "2021.11.30"]
[WhiteClock "0:00:38"]
[BlackClock "0:00:10"]

1. d4 Nf6 2. Nf3 g6 3. c4 Bg7 4. g3 O-O 5. Bg2 d6 6. O-O Nc6 7. b3 Ne4 8. Bb2 e5 9. dxe5 dxe5 10. Nbd2 Bf5 11. Nxe4 Bxe4 12. Qxd8 Rfxd8 13. Rfd1 a5 14. Bc3 a4 15. Ne1 Bxg2 16. Kxg2 e4 17. Bxg7 Kxg7 18. f3 Nd4 19. fxe4 axb3 20. axb3 Rxa1 21. Rxa1 Nxb3 22. Rb1 Na5 23. Rb5 b6 24. c5 Nc4 25. cxb6 cxb6 26. Nd3 Rd4 27. e5 Kf8 28. Kf2 Ke7 29. Rb4 Ke6 30. Nb2 b5 31. Rxb5 Nxe5 32. h3 h5 33. Rb6+ Kf5 34. Rb5 Ke4 35. Rb3 g5 36. Re3+ Kf5 37. Nd3 Nxd3+ 38. exd3 Ra4 39. Rf3+ Kg6 40. Re3 Ra2+ 41. Kg1 Kf5 42. Rf3+ Ke6 43. Re3+ Kd5 44. Rf3 Ke6 45. Re3+ Kf5 46. Rf3+ Kg6 47. Re3 f6 48. g4 hxg4 49. hxg4 Ra4 50. Rg3 Kf7 51. Kg2 Ke6 52. Re3+ Kd5 53. Kg3 Ra3 54. Rf3 Ke5 55. d4+ 1-0


[Site "https://www.chess.com"]

[Event "Titled Tuesday Blitz November 30 2021"]
[White "Dronavalli, Harika"]
[Black "Willow, Jonah B"]
[WhiteFideId "5015197"]
[BlackFideId "438804"]
[WhiteElo "2422"]
[BlackElo "2261"]
[Result "0-1"]
[Round "03"]
[TimeControl "180+1"]
[Date "2021.11.30"]
[WhiteClock "0:00:05"]
[BlackClock "0:00:14"]

1. Nf3 c5 2. c4 Nc6 3. g3 g6 4. Bg2 Bg7 5. Nc3 e6 6. h4 h6 7. d3 Nge7 8. Bd2 a6 9. Rb1 Rb8 10. a3 d5 11. Qc1 Nf5 12. b4 cxb4 13. axb4 dxc4 14. dxc4 Bd7 15. Ne4 b6 16. O-O O-O 17. Rd1 Ncd4 18. Nxd4 Nxd4 19. Kf1 Ba4 20. Re1 f5 21. Nc3 Nb3 22. Rxb3 Bxb3 23. c5 bxc5 24. bxc5 Kh7 25. c6 Rc8 26. Be3 Qd6 27. Kg1 Rf7 28. h5 g5 29. Nb1 e5 30. Qb2 Ba4 31. Qb6 e4 32. Qxa6 Qxc6 33. Qxc6 Rxc6 34. Nd2 Kg8 35. Rb1 Rfc7 36. Rb8+ Rc8 37. Rb7 R6c7 38. Rb6 Bc6 39. Kh2 Bd5 40. Rg6 Bf7 41. Ra6 Bxh5 42. Bh3 Rf7 43. Ra5 Rcf8 44. Bc5 Rc8 45. Bb4 Bg6 46. Nf1 g4 47. Bg2 Rb7 48. Bd6 Rd8 49. Bf4 Rb1 50. Ra6 Kh7 51. Ne3 Rb2 52. Ra7 Rxe2 53. Be5 Rg8 54. Kg1 Re1+ 55. Bf1 Kh8 56. Rxg7 Rxg7 57. Kg2 Kg8 58. Bxg7 Kxg7 59. Bc4 Rc1 60. Be6 Kf6 61. Bd7 Ra1 62. Bc8 Ra5 63. Bb7 Bf7 64. Bc8 Be6 65. Bb7 h5 66. Kh2 Kg5 67. Bc6 Ra2 68. Kg1 Ra1+ 69. Kg2 h4 70. gxh4+ Kxh4 71. Nd5 Bxd5 72. Bxd5 Kg5 73. Be6 Kf4 74. Bd7 Ra2 75. Kg1 Rd2 0-1


[Site "https://www.chess.com"]

[Event "Titled Tuesday Blitz November 30 2021"]
[White "Iljiushenok, Ilia"]
[Black "De Silva, L M S T"]
[WhiteFideId "24105074"]
[BlackFideId "9953698"]
[WhiteElo "2578"]
[BlackElo "1621"]
[Result "1-0"]
[Round "03"]
[TimeControl "180+1"]
[Date "2021.11.30"]
[WhiteClock "0:00:34"]
[BlackClock "0:00:51"]

1. e4 e5 2. Nc3 Nf6 3. Bc4 Nc6 4. d3 Bc5 5. f4 d6 6. Nf3 Be6 7. Bxe6 fxe6 8. fxe5 dxe5 9. Bg5 Qd7 10. Qd2 h6 11. Bxf6 gxf6 12. O-O-O O-O-O 13. Kb1 Rdf8 14. Rhf1 a6 15. g3 Nd4 16. Qg2 Nxf3 17. Qxf3 h5 18. a3 Qc6 19. Na2 Qb6 20. Ka1 f5 21. exf5 exf5 22. Qd5 Kb8 23. Rde1 e4 24. dxe4 fxe4 25. Qxe4 Bd4 26. Nb4 a5 27. Nd3 Bg7 28. Qc4 Qd6 29. Ka2 Re8 30. Rxe8+ Rxe8 31. Rf5 b6 32. Rxh5 Re2 33. Rd5 Qe7 34. Qc6 Qf7 35. Nf4 Rd2 36. Ne6 Rxd5 37. Qxd5 Bh8 38. c3 Bf6 39. h4 a4 40. h5 Bxc3 41. Qd8+ Kb7 42. Qxc7+ Qxc7 43. Nxc7 Bd4 44. Ne6 1-0


[Site "https://www.chess.com"]

[Event "Titled Tuesday Blitz November 30 2021"]
[White "Ivanisevic, Ivan"]
[Black "Deac, Bogdan-Daniel"]
[WhiteFideId "912417"]
[BlackFideId "1226380"]
[WhiteElo "2499"]
[BlackElo "2605"]
[Result "0-1"]
[Round "03"]
[TimeControl "180+1"]
[Date "2021.11.30"]
[WhiteClock "0:00:01"]
[BlackClock "0:00:02"]

1. d4 Nf6 2. c4 g6 3. Nc3 d5 4. e3 Bg7 5. cxd5 Nxd5 6. Bc4 Nb6 7. Bb3 O-O 8. Nf3 c5 9. O-O N8d7 10. Re1 e6 11. a4 cxd4 12. exd4 Nf6 13. Bg5 h6 14. Bh4 Nbd5 15. Nxd5 exd5 16. Ne5 Be6 17. a5 Rc8 18. Nxg6 Re8 19. Rxe6 Rxe6 20. Ne5 Qd6 21. h3 Qb4 22. Bxf6 Rxf6 23. Bxd5 Qxb2 24. Rb1 Qxf2+ 25. Kh1 Qf4 26. Nf3 b6 27. a6 Rd8 28. Bb3 Rfd6 29. Qe2 Bxd4 30. Rf1 Bg7 31. Nh2 Qg5 32. Bxf7+ Kh8 33. Bc4 Rd2 34. Qe4 R2d4 35. Qe2 Rf4 36. Nf3 Qf6 37. Bb3 Qc6 38. Rd1 Rdf8 39. Bd5 Qg6 40. Bb3 Qg3 41. Bd5 Qg6 42. Rf1 Qd6 43. Bb3 Qc5 44. Bc2 b5 45. Qd3 R4f5 46. Qd2 Qc4 0-1


[Site "https://www.chess.com"]

[Event "Titled Tuesday Blitz November 30 2021"]
[White "Kovalev, Vladislav"]
[Black "Atakhan, Abtin"]
[WhiteFideId "13504398"]
[BlackFideId "22502203"]
[WhiteElo "2573"]
[BlackElo "2119"]
[Result "1-0"]
[Round "03"]
[TimeControl "180+1"]
[Date "2021.11.30"]
[WhiteClock "0:00:48"]
[BlackClock "0:01:27"]

1. e4 c5 2. Nf3 e6 3. d4 cxd4 4. Nxd4 Nc6 5. Nc3 Qc7 6. g3 a6 7. Bg2 Nf6 8. O-O Nxd4 9. Qxd4 Bc5 10. Qd3 d6 11. Bf4 h6 12. Na4 e5 13. Nxc5 exf4 14. Nb3 fxg3 15. hxg3 O-O 16. Rad1 Be6 17. Qxd6 Qxc2 18. Nd4 Qxb2 19. Nxe6 fxe6 20. e5 Nh7 21. Qxe6+ Kh8 22. f4 Rae8 23. Qb3 Qxb3 24. axb3 Re7 25. Rd6 Rfe8 26. Rb6 Rb8 27. Ra1 g5 28. Rxh6 gxf4 29. gxf4 Rf8 30. Rh4 Ref7 31. Rf1 b5 32. Be4 Rg7+ 33. Kh2 Kg8 34. Rg1 1-0


[Site "https://www.chess.com"]

[Event "Titled Tuesday Blitz November 30 2021"]
[White "Krishnan, Varun"]
[Black "Rasulov, Vugar"]
[WhiteFideId "5054508"]
[BlackFideId "13402390"]
[WhiteElo "2661"]
[BlackElo "2560"]
[Result "1/2-1/2"]
[Round "03"]
[TimeControl "180+1"]
[Date "2021.11.30"]
[WhiteClock "0:00:13"]
[BlackClock "0:00:38"]

1. e4 c5 2. Nf3 d6 3. d4 cxd4 4. Nxd4 Nf6 5. Nc3 a6 6. Be3 e5 7. Nf3 Qc7 8. a4 Be7 9. Bg5 Nbd7 10. Nd2 b6 11. Bc4 Bb7 12. Qe2 h6 13. Bh4 O-O 14. O-O Rfc8 15. Ba2 Bc6 16. f3 b5 17. a5 b4 18. Nd1 Bb5 19. Qe3 Bxf1 20. Kxf1 Qxc2 21. Nc4 Rxc4 22. Bb3 Rc3 23. Bxc2 Rxe3 24. Nxe3 Nc5 25. Bxf6 Bxf6 26. Nd5 b3 27. Bd1 Bd8 28. Be2 Rb8 29. Bc4 Kf8 30. g3 g6 31. h4 h5 32. Ke2 Ne6 33. Bxa6 Ra8 34. Bc4 Rxa5 35. Rxa5 Bxa5 36. f4 Nc5 37. Kf3 Bd2 38. fxe5 dxe5 39. Ne3 Bxe3 40. Kxe3 Ke7 41. Bd5 f5 42. exf5 gxf5 43. Bf3 Na4 44. Bd1 Nxb2 45. Bxb3 Kf6 46. Kd2 e4 47. Ke3 Nd3 48. Bd1 Kg6 49. Ba4 Kf6 50. Be8 Nb4 51. Bxh5 Ke5 52. Bd1 Nd5+ 53. Kf2 Nf6 54. Ke3 Nd5+ 55. Kf2 Kd4 56. h5 Nf6 57. h6 Ke5 58. Ke3 Nd5+ 59. Kf2 Kf6 60. Bb3 Ne7 61. Ke3 Kg5 62. h7 Ng6 63. Bf7 Nh8 64. Be8 Kg4 65. Bd7 Kg5 66. Be8 Kf6 67. Bd7 Kg6 68. Bc8 Nf7 69. Kf4 Kxh7 70. Bxf5+ Kg7 71. Bxe4 Nd6 72. g4 Nxe4 73. Kxe4 Kg6 74. Kf4 Kf6 75. g5+ Kg6 76. Kg4 Kg7 77. Kf5 Kf7 78. g6+ Kg7 79. Kg5 Kg8 80. Kf6 Kf8 81. g7+ Kg8 82. Kg6 1/2-1/2


[Site "https://www.chess.com"]

[Event "Titled Tuesday Blitz November 30 2021"]
[White "Krysa, Leandro"]
[Black "Onyshchuk, Volodymyr"]
[WhiteFideId "116807"]
[BlackFideId "14114038"]
[WhiteElo "2490"]
[BlackElo "2603"]
[Result "0-1"]
[Round "03"]
[TimeControl "180+1"]
[Date "2021.11.30"]
[WhiteClock "0:00:38"]
[BlackClock "0:01:44"]

1. c4 d6 2. Nc3 g6 3. g3 Bg7 4. Bg2 Nf6 5. d4 O-O 6. e4 c5 7. d5 a6 8. a4 Nfd7 9. Nge2 Qa5 10. Bd2 Ne5 11. b3 Nd3+ 12. Kf1 e6 13. h4 h5 14. dxe6 Bxe6 15. Nd5 Qd8 16. Bg5 f6 17. Be3 Ne5 18. Nef4 Bf7 19. Bh3 Re8 20. g4 hxg4 21. Bxg4 Nxg4 22. Qxg4 Rxe4 23. Rd1 f5 24. Qg2 Nc6 25. Nxg6 Rg4 26. Qxg4 fxg4 27. Bg5 Qd7 28. h5 Bxg6 29. hxg6 Qf5 30. Bh6 Qf3 0-1


[Site "https://www.chess.com"]

[Event "Titled Tuesday Blitz November 30 2021"]
[White "Lazavik, Denis"]
[Black "Kosteniuk, Alexandra"]
[WhiteFideId "13515110"]
[BlackFideId "4128125"]
[WhiteElo "2436"]
[BlackElo "2521"]
[Result "0-1"]
[Round "03"]
[TimeControl "180+1"]
[Date "2021.11.30"]
[WhiteClock "0:00:03"]
[BlackClock "0:00:12"]

1. d4 Nf6 2. c4 e6 3. Nf3 c5 4. d5 b5 5. dxe6 fxe6 6. cxb5 a6 7. e4 axb5 8. e5 Ne4 9. Bd3 Bb7 10. Qe2 d5 11. exd6 Nxd6 12. Bg5 Be7 13. Qxe6 Qd7 14. Qe2 Nc6 15. Nc3 c4 16. Bc2 O-O 17. O-O-O b4 18. Bxe7 Qxe7 19. Qxe7 Nxe7 20. Rxd6 bxc3 21. Rd7 cxb2+ 22. Kxb2 Rfb8 23. Ka1 Bd5 24. Rxe7 c3 25. a4 Rb2 26. Bd1 Ra2+ 27. Kb1 Rb8+ 28. Kc1 Rbb2 29. Re8+ Kf7 0-1


[Site "https://www.chess.com"]

[Event "Titled Tuesday Blitz November 30 2021"]
[White "Leiva, Gianmarco"]
[Black "Durarbayli, Vasif"]
[WhiteFideId "3804399"]
[BlackFideId "13402935"]
[WhiteElo "2318"]
[BlackElo "2522"]
[Result "1/2-1/2"]
[Round "03"]
[TimeControl "180+1"]
[Date "2021.11.30"]
[WhiteClock "0:00:16"]
[BlackClock "0:00:23"]

1. e4 c5 2. Nf3 d6 3. Bb5+ Bd7 4. Bxd7+ Qxd7 5. c4 Nf6 6. Nc3 g6 7. d4 cxd4 8. Nxd4 Bg7 9. f3 O-O 10. O-O a6 11. Be3 Rc8 12. Qd3 Qc7 13. b3 Nbd7 14. Rac1 e6 15. Qd2 Re8 16. Rfd1 Rad8 17. Nde2 Ne5 18. Nf4 Qb8 19. Bb6 Rd7 20. Nfe2 Rc8 21. Qe3 Rc6 22. Kh1 g5 23. Bd4 h6 24. a4 Rc8 25. a5 Nc6 26. Bb6 Re8 27. Ng3 d5 28. Na4 dxe4 29. Nxe4 Rxd1+ 30. Rxd1 Nxe4 31. Qxe4 Bc3 32. Nxc3 Ne7 33. Ne2 Ng6 34. Ng3 Nf4 35. Be3 Ng6 36. Nh5 Rd8 37. Nf6+ Kg7 38. Bd4 e5 39. Nd5 exd4 40. Qxd4+ Qe5 41. Qxe5+ Nxe5 42. Re1 Nc6 43. b4 f6 44. Kg1 Ne5 45. Ne3 Rd2 46. Kf1 Rb2 47. Nd5 Nxc4 48. Re7+ Kg6 49. Rxb7 Nxa5 50. Ne7+ Kf7 51. Ra7 Nc4 52. Nf5+ Ke6 53. Nxh6 Ne3+ 54. Ke1 Nxg2+ 55. Kd1 Ne3+ 56. Kc1 Rxb4 57. Rxa6+ Ke7 58. Ra7+ Ke6 59. Kd2 Nc4+ 60. Kc3 Ne5 61. Kxb4 Nc6+ 62. Kc5 Nxa7 63. Kd4 Nc8 64. Ng4 Nd6 65. Ne3 Nf5+ 66. Nxf5 Kxf5 67. Ke3 Ke5 68. f4+ gxf4+ 69. Kf3 Kf5 70. h4 Ke5 71. h5 Kf5 72. h6 Kg6 73. h7 Kxh7 74. Kxf4 Kg6 75. Kg4 f5+ 76. Kf4 Kf6 77. Kf3 Ke5 78. Ke3 f4+ 79. Kf3 Kf5 80. Kf2 Ke4 81. Ke2 f3+ 82. Kf2 Kf4 83. Kf1 Ke3 84. Ke1 Ke4 85. Kf2 Kf4 86. Kf1 Kg4 87. Kf2 Kf4 1/2-1/2


[Site "https://www.chess.com"]

[Event "Titled Tuesday Blitz November 30 2021"]
[White "Lysyj, Igor"]
[Black "Golubev, Mikhail"]
[WhiteFideId "4150120"]
[BlackFideId "14100983"]
[WhiteElo "2611"]
[BlackElo "2374"]
[Result "1-0"]
[Round "03"]
[TimeControl "180+1"]
[Date "2021.11.30"]
[WhiteClock "0:02:10"]
[BlackClock "0:00:41"]

1. d4 Nf6 2. Nf3 d6 3. c4 g6 4. Nc3 Bg7 5. e3 O-O 6. Be2 Nbd7 7. O-O e5 8. Qc2 Re8 9. b3 c6 10. Bb2 exd4 11. Nxd4 Nc5 12. Rad1 a5 13. Rfe1 Qb6 14. h3 Bd7 15. Bf1 Rad8 16. Ba3 Bc8 17. e4 h5 18. Nf3 Ncxe4 19. Nxe4 Rxe4 20. Rxe4 Bf5 21. Bd3 1-0


[Site "https://www.chess.com"]

[Event "Titled Tuesday Blitz November 30 2021"]
[White "Madaminov, Mukhiddin"]
[Black "Terry, Renato"]
[WhiteFideId "14210703"]
[BlackFideId "3803457"]
[WhiteElo "1855"]
[BlackElo "2577"]
[Result "1-0"]
[Round "03"]
[TimeControl "180+1"]
[Date "2021.11.30"]
[WhiteClock "0:00:04"]
[BlackClock "0:00:03"]

1. e4 e6 2. d4 d5 3. e5 c5 4. c3 Qb6 5. Nf3 Bd7 6. Bd3 cxd4 7. Nxd4 Nc6 8. Nxc6 bxc6 9. O-O Ne7 10. c4 Ng6 11. Re1 Bc5 12. Qe2 Bd4 13. Bxg6 hxg6 14. Nc3 Rb8 15. Rd1 Rh5 16. Na4 Qa5 17. Rxd4 Qxa4 18. Be3 c5 19. Rd2 d4 20. Bf4 Bc6 21. Bg3 a5 22. Qd3 Qb4 23. h3 Qb7 24. f3 Rg5 25. Kh2 Rh5 26. Qa3 Qb4 27. Qxb4 axb4 28. a3 Ra8 29. Rd3 Kd7 30. Kg1 Kc7 31. Kf2 Rhh8 32. Bf4 Rhb8 33. Bc1 Ra6 34. b3 bxa3 35. Rxa3 Rba8 36. Rxa6 Rxa6 37. Bg5 Ra2+ 38. Kg3 Kd7 39. Bd2 Rb2 40. Bc1 Rb1 41. Ba3 f6 42. exf6 gxf6 43. Bxc5 e5 44. b4 Ke6 45. b5 Bd7 46. Rd2 Kf5 47. Bxd4 exd4 48. Rxd4 Be6 49. Rf4+ Ke5 50. Re4+ Kd6 51. c5+ Kd5 52. b6 Bd7 53. Re7 Bc6 54. Rf7 f5 55. Rf6 Kxc5 56. Rxg6 Rxb6 57. Rf6 Kd4 58. Rxf5 Bd5 59. Rf4+ Ke5 60. Rg4 Rh6 61. Rg5+ Kd6 62. Kf4 Rf6+ 63. Rf5 Re6 64. g4 Re1 65. h4 Be6 66. Rf6 Ke7 67. Kg5 Re5+ 68. Kg6 Rc5 69. g5 Rc8 70. f4 Rh8 71. h5 Rg8+ 72. Kh7 Rc8 73. h6 Ra8 74. Kg7 Rg8+ 75. Kh7 Rb8 76. f5 Bd7 77. Kg7 1-0


[Site "https://www.chess.com"]

[Event "Titled Tuesday Blitz November 30 2021"]
[White "Makarian, Rudik"]
[Black "Gelman, Alexander"]
[WhiteFideId "44105681"]
[BlackFideId "4118316"]
[WhiteElo "2486"]
[BlackElo "2375"]
[Result "1-0"]
[Round "03"]
[TimeControl "180+1"]
[Date "2021.11.30"]
[WhiteClock "0:00:06"]
[BlackClock "0:00:06"]

1. d4 Nf6 2. c4 c5 3. d5 b5 4. cxb5 a6 5. e3 e6 6. dxe6 fxe6 7. Nc3 Bb7 8. Nf3 Be7 9. a4 O-O 10. Ra3 d5 11. e4 d4 12. e5 Ng4 13. Nb1 Qd5 14. Nbd2 Nxe5 15. Be2 Nbd7 16. Nxe5 Nxe5 17. Nf3 c4 18. Nxe5 Bxa3 19. Nxc4 Bb4+ 20. Bd2 Qxg2 21. Rf1 Bc5 22. Ne5 axb5 23. Bxb5 Qe4+ 24. Qe2 Qb1+ 25. Qd1 Qxb2 26. Bd3 Ba6 27. Be4 Rab8 28. Qh5 Qa1+ 29. Qd1 Qxd1+ 30. Kxd1 Bxf1 31. Nd7 d3 32. Nxc5 Be2+ 33. Kc1 Rfc8 34. Be3 Rc7 35. Kd2 Rbc8 36. Nxd3 Rc2+ 37. Ke1 Bxd3 38. Bxd3 Ra2 39. Bb5 Rcc2 40. Kf1 Kf7 41. Kg2 Kf6 42. Kf3 e5 43. h4 g6 44. Bg5+ Ke6 45. Be3 Kd5 46. Bd3 Rxa4 47. Bxc2 Ra3 48. Be4+ Ke6 49. Kg4 Kf6 50. Bg5+ Kf7 51. Be3 Ra4 52. Kf3 Kf6 53. Bg5+ Ke6 54. Bd3 Ra3 55. Ke4 Ra4+ 56. Ke3 Ra3 57. f3 Ra4 58. Be4 Ra3+ 59. Kf2 Ra2+ 60. Kg3 Ra3 61. Bd2 Ra2 62. Bb4 Kf6 63. Bf8 Ra4 64. Bh6 Ra2 65. Bg5+ Ke6 66. Bh6 Kf6 67. Bd3 Ra3 68. Bg5+ Ke6 69. Be4 Ra1 70. Kg4 Rg1+ 71. Kh3 Ra1 72. Be3 Kf6 73. Bc5 Ra5 74. Bb4 Ra4 75. Bd2 Ra2 76. Bg5+ Ke6 77. Kg4 Ra4 78. Kg3 Ra3 79. h5 gxh5 80. Bxh7 Ra4 81. Be4 Kf7 82. Kh4 Ke6 83. Kxh5 Kd6 84. Kg4 Kc5 85. Kf5 Kd4 86. Bf6 Ra5 87. f4 Ke3 88. fxe5 Ra4 89. Bc6 Kd4 90. e6+ 1-0


[Site "https://www.chess.com"]

[Event "Titled Tuesday Blitz November 30 2021"]
[White "Martinez Alcantara, Jose Eduardo"]
[Black "Llorente Zaro, Alfonso"]
[WhiteFideId "3805662"]
[BlackFideId "2254131"]
[WhiteElo "2690"]
[BlackElo "2480"]
[Result "1-0"]
[Round "03"]
[TimeControl "180+1"]
[Date "2021.11.30"]
[WhiteClock "0:00:14"]
[BlackClock "0:00:01"]

1. e4 Nf6 2. e5 Nd5 3. d4 d6 4. Nf3 Bg4 5. Be2 e6 6. O-O Nd7 7. exd6 Bxd6 8. h3 Bh5 9. c4 N5f6 10. Nc3 c6 11. Ne5 Bxe2 12. Qxe2 c5 13. Nxd7 Qxd7 14. d5 O-O 15. dxe6 Qxe6 16. Qxe6 fxe6 17. Re1 Kf7 18. b3 Rfd8 19. Bb2 Rd7 20. Re2 Re8 21. Rd1 Bb8 22. Rxd7+ Nxd7 23. Ne4 h6 24. Rd2 Re7 25. Nd6+ Bxd6 26. Rxd6 Nf8 27. Rd8 Rd7 28. Ra8 Rd2 29. Ba3 Rxa2 30. Bxc5 Nd7 31. Rxa7 Rxa7 32. Bxa7 b6 33. b4 Ke7 34. c5 b5 35. c6 Ne5 36. c7 Kd7 37. Bd4 Nc6 38. Bxg7 Nxb4 39. Bxh6 Kxc7 40. Kf1 Kd7 41. Ke2 Ke8 42. Bd2 Nd5 43. Kd3 Kf7 44. Ke4 Kf6 45. Kd4 b4 46. Kc4 Kf5 47. f3 Ke5 48. h4 Kf6 49. h5 Ne7 50. Kxb4 Nf5 51. g4 Ne7 52. Bc3+ Kf7 53. g5 Nd5+ 54. Kc4 Nf4 55. g6+ Ke7 56. h6 Nxg6 57. h7 e5 58. Kd5 1-0


[Site "https://www.chess.com"]

[Event "Titled Tuesday Blitz November 30 2021"]
[White "Matinian, Nikita"]
[Black "Tabatabaei, M. Amin"]
[WhiteFideId "24129100"]
[BlackFideId "12521213"]
[WhiteElo "2422"]
[BlackElo "2555"]
[Result "1/2-1/2"]
[Round "03"]
[TimeControl "180+1"]
[Date "2021.11.30"]
[WhiteClock "0:00:02"]
[BlackClock "0:00:04"]

1. e4 c6 2. Nc3 d5 3. Nf3 g6 4. d4 dxe4 5. Nxe4 Bg7 6. Bd3 Nf6 7. Nxf6+ exf6 8. O-O O-O 9. h3 Nd7 10. c4 a5 11. Bf4 a4 12. Re1 Nb6 13. Qd2 Be6 14. Rac1 Re8 15. Bh6 Bh8 16. Qb4 f5 17. Re2 Bf6 18. b3 axb3 19. axb3 Qc7 20. Bg5 Bg7 21. Rce1 h6 22. Bd2 Bd7 23. Bc3 Rxe2 24. Rxe2 Bf8 25. c5 Nd5 26. Qc4 Nf4 27. Re1 Be6 28. Rxe6 fxe6 29. Bf1 Nd5 30. Bd2 g5 31. Ne5 Bg7 32. Qe2 Bxe5 33. dxe5 Kg7 34. h4 Ra2 35. hxg5 hxg5 36. Qh5 Rxd2 37. Qxg5+ Kf7 38. Qxd2 Qxe5 39. Qa5 Qd4 40. Qa8 Qb4 41. Bc4 Qe1+ 42. Kh2 Qxf2 43. Qxb7+ Kf6 44. Bxd5 cxd5 45. c6 f4 46. Qc8 Qg3+ 47. Kh1 Ke5 48. Qb8+ Ke4 49. Qb4+ d4 50. c7 f3 51. Qb7+ Ke5 52. Qxf3 Qh4+ 53. Kg1 Qe1+ 54. Qf1 Qc3 55. Qe2+ Kd6 56. Qc4 Qe1+ 57. Kh2 Qe5+ 58. Kg1 Qe1+ 59. Kh2 Qh4+ 60. Kg1 Qe1+ 1/2-1/2


[Site "https://www.chess.com"]

[Event "Titled Tuesday Blitz November 30 2021"]
[White "Mirzoev, Azer"]
[Black "Perez Ponsa, Federico"]
[WhiteFideId "13400304"]
[BlackFideId "117927"]
[WhiteElo "2525"]
[BlackElo "2672"]
[Result "1/2-1/2"]
[Round "03"]
[TimeControl "180+1"]
[Date "2021.11.30"]
[WhiteClock "0:00:20"]
[BlackClock "0:00:14"]

1. d4 d5 2. Nf3 Nf6 3. Bf4 c5 4. e3 Nc6 5. c3 Qb6 6. Qb3 c4 7. Qc2 Bf5 8. Qc1 e6 9. Nbd2 Be7 10. Be2 O-O 11. O-O Rfc8 12. Ne5 Qd8 13. Re1 b5 14. Bf3 Nxe5 15. Bxe5 Ne4 16. Nxe4 Bxe4 17. Bxe4 dxe4 18. Qc2 Qd5 19. Rf1 Bg5 20. Rae1 f6 21. Bf4 a5 22. Bxg5 fxg5 23. f3 exf3 24. Rxf3 b4 25. Ref1 b3 26. Qb1 bxa2 27. Qxa2 Rab8 28. R1f2 h6 29. h3 Rb5 30. Qa3 Qe4 31. Qe7 Rf5 32. Rxf5 exf5 33. Qxe4 fxe4 34. Rf5 Rb8 35. Rxa5 Rxb2 36. Rc5 Re2 37. Rxc4 Rxe3 38. d5 Kf7 39. d6 Ke6 40. Rd4 Kd7 41. c4 Rc3 42. Rxe4 Kxd6 43. Rd4+ Ke5 44. Rd7 Rxc4 45. Rxg7 Rc6 1/2-1/2


[Site "https://www.chess.com"]

[Event "Titled Tuesday Blitz November 30 2021"]
[White "Nasuta, Grzegorz"]
[Black "Ibarra Jerez, Jose Carlos"]
[WhiteFideId "1141686"]
[BlackFideId "2226332"]
[WhiteElo "2377"]
[BlackElo "2626"]
[Result "1/2-1/2"]
[Round "03"]
[TimeControl "180+1"]
[Date "2021.11.30"]
[WhiteClock "0:00:37"]
[BlackClock "0:00:44"]

1. e4 c5 2. Nf3 e6 3. d4 cxd4 4. Nxd4 Bc5 5. Nc3 Qb6 6. Na4 Qa5+ 7. c3 Bxd4 8. Qxd4 Nf6 9. Nc5 Nc6 10. Qd6 b6 11. b4 Nxb4 12. Nb3 Nc2+ 13. Kd1 Qxc3 14. Bd2 Qb2 15. Bc1 Qc3 16. Bd2 Qb2 17. Bc1 Qc3 1/2-1/2


[Site "https://www.chess.com"]

[Event "Titled Tuesday Blitz November 30 2021"]
[White "Nikologorskiy, Konstantin"]
[Black "Nakamura, Hikaru"]
[WhiteFideId "24111708"]
[BlackFideId "2016192"]
[WhiteElo "2346"]
[BlackElo "2884"]
[Result "0-1"]
[Round "03"]
[TimeControl "180+1"]
[Date "2021.11.30"]
[WhiteClock "0:00:35"]
[BlackClock "0:01:33"]

1. d4 g6 2. Nc3 Bg7 3. e4 a6 4. Nf3 b5 5. Be3 Bb7 6. Bd3 d6 7. h4 Nf6 8. a3 Nbd7 9. Qd2 Ng4 10. Bg5 h6 11. Bf4 c5 12. d5 Qb6 13. Bg3 Rc8 14. O-O O-O 15. Be2 Ngf6 16. Qe3 Qc7 17. Nd1 Rfe8 18. c4 e6 19. Qd3 bxc4 20. Qxc4 exd5 21. exd5 Nxd5 22. Nc3 Nxc3 23. bxc3 Nb6 24. Qd3 c4 25. Qd2 Nd5 26. Nd4 Nxc3 27. Qxc3 Rxe2 28. Rad1 Re4 29. f3 Ree8 30. Qb4 Be5 31. Bxe5 dxe5 32. Ne2 Qc5+ 33. Qxc5 Rxc5 34. Nc3 Re7 35. Rd8+ Kg7 36. Rfd1 e4 37. fxe4 Bxe4 38. R1d7 Rxd7 39. Rxd7 Bf5 40. Ra7 Rc6 41. Kf2 Rd6 42. Na4 Rd2+ 43. Kf3 Rd3+ 44. Kf4 Rxa3 45. Rxa6 c3 46. Ke3 c2+ 47. Kd2 Ra1 0-1


[Site "https://www.chess.com"]

[Event "Titled Tuesday Blitz November 30 2021"]
[White "Petrovskyi, Vadym"]
[Black "Saraci, Nderim"]
[WhiteFideId "14165210"]
[BlackFideId "6351921"]
[WhiteElo "2377"]
[BlackElo "2480"]
[Result "1-0"]
[Round "03"]
[TimeControl "180+1"]
[Date "2021.11.30"]
[WhiteClock "0:00:46"]
[BlackClock "0:00:16"]

1. e4 c5 2. Nf3 Nc6 3. d4 cxd4 4. Nxd4 g6 5. c4 Bg7 6. Be3 Nf6 7. Nc3 O-O 8. Be2 d6 9. O-O Bd7 10. Re1 Nxd4 11. Bxd4 Bc6 12. Bd3 a5 13. Qd2 Nd7 14. Bxg7 Kxg7 15. b3 Nc5 16. Bc2 Qb6 17. Re3 a4 18. Rh3 h5 19. Qd4+ Kg8 20. Re1 axb3 21. axb3 Nd7 22. Qd2 Nf6 23. Nd5 Bxd5 24. exd5 Ra2 25. Rxe7 Rfa8 26. Rhe3 Ng4 27. Re8+ Rxe8 28. Rxe8+ Kh7 29. Bxg6+ fxg6 30. Qxa2 Qd4 31. Qe2 Ne5 32. h3 Kg7 33. Re7+ Kf6 34. Rxb7 h4 35. Qe3 Qd1+ 36. Kh2 g5 37. f4 gxf4 38. Qxf4+ Kg6 39. Re7 Qe1 40. Re6+ Kh7 41. Qf5+ Kg7 42. Re7+ Kh6 43. Rh7# 1-0


[Site "https://www.chess.com"]

[Event "Titled Tuesday Blitz November 30 2021"]
[White "Preotu, Razvan"]
[Black "Xiong, Jeffery"]
[WhiteFideId "2613280"]
[BlackFideId "2047640"]
[WhiteElo "2407"]
[BlackElo "2699"]
[Result "1/2-1/2"]
[Round "03"]
[TimeControl "180+1"]
[Date "2021.11.30"]
[WhiteClock "0:00:07"]
[BlackClock "0:00:09"]

1. e4 d5 2. exd5 Qxd5 3. Nc3 Qa5 4. d4 Nf6 5. Nf3 Bf5 6. Ne5 c6 7. Bc4 e6 8. g4 Be4 9. O-O Bd5 10. Nxd5 cxd5 11. Bd3 Nc6 12. Bf4 Nxe5 13. Bxe5 Nd7 14. Bg3 Qb6 15. c3 Bd6 16. Qa4 Bxg3 17. hxg3 a6 18. Qa3 Qd8 19. f4 g5 20. f5 Qc7 21. Kg2 O-O-O 22. fxe6 fxe6 23. Rae1 h5 24. Rxe6 hxg4 25. Qd6 Rh3 26. Qxc7+ Kxc7 27. Bf5 Rdh8 28. Re7 Rh2+ 29. Kg1 Rh1+ 30. Kf2 Rxf1+ 31. Kxf1 Rf8 32. Rxd7+ Kc6 33. Rg7 Rxf5+ 34. Ke2 Rf3 35. Rg6+ Kc7 36. Rxg5 Rxg3 37. Rxd5 Rg2+ 38. Kd3 Rxb2 39. Rg5 Rg2 40. a4 Rg3+ 41. Kc4 Rg1 42. a5 g3 43. Kc5 g2 44. c4 Kd7 45. d5 Ke7 46. d6+ Ke6 47. Rg6+ Kd7 48. Rg7+ Kd8 49. Rg6 Kd7 50. Rg8 Ke6 51. Rg7 Kf6 52. d7 Rd1 53. Rxg2 Rxd7 54. Kb6 Ke5 55. c5 Rh7 56. Rd2 Rg7 57. Rd8 Rh7 58. Rb8 Kd5 59. Rxb7 Rxb7+ 60. Kxb7 Kxc5 61. Kxa6 Kc6 62. Ka7 Kc7 63. a6 Kc8 64. Kb6 Kb8 65. a7+ Ka8 66. Ka6 1/2-1/2


[Site "https://www.chess.com"]